 Dungeon Crawl Stone Soup version 0.25.1-2-g60ff931df9 (webtiles) character file.

Game seed: 6871577871545594228

62 Borneo the Grave Robber (level 3, 0/24 HPs)
             Began as a Vampire Necromancer on Oct 24, 2020.
             Slain by a gnoll
             ... wielding a +0 spear of venom
              (7 damage)
             ... on level 2 of the Dungeon.
             The game lasted 00:06:17 (1799 turns).

Borneo the Grave Robber (Vampire Necromancer)       Turns: 1799, Time: 00:06:18

Health: 0/24       AC:  2    Str:  7    XL:     3   Next: 85%
Magic:  0/7        EV: 13    Int: 17    God:
Gold:   58         SH:  0    Dex: 15    Spells: 7/8 levels left

rFire    . . .     SeeInvis +   (no weapon)
rCold    . . .     Gourm    .   (no shield)
rNeg     . . .     Faith    .   a - +0 robe
rPois    .         Spirit   .   (no helmet)
rElec    .         Reflect  .   (no cloak)
rCorr    .         Harm     .   (no gloves)
MR       .....                  (no boots)
Stlth    ++........             (no amulet)
HPRegen  0.28/turn              (no ring)
MPRegen  0.10/turn              (no ring)

@: lethally poisoned (0 -> -2), regenerating quickly
A: no food, fangs 3, see invisible, unbreathing
a: Exsanguinate


You were on level 2 of the Dungeon.
You were alive.

You visited 1 branch of the dungeon, and saw 2 of its levels.

You collected 58 gold pieces.

Inventory:

Armour
 a - a +0 robe (worn)
Scrolls
 b - a scroll of enchant weapon
 c - a scroll of immolation
 d - a scroll of teleportation {unknown}
 e - a scroll of remove curse {unknown}
 h - 2 scrolls of fog
 k - a scroll of blinking {unknown}
Potions
 f - a potion of stabbing
 g - a potion of curing {unknown}


   Skills:
 + Level 2.3 Dodging
 + Level 3.1 Stealth
 + Level 3.1 Spellcasting
 + Level 5.2 Necromancy


You had 7 spell levels left.
You knew the following spells:

 Your Spells              Type           Power        Failure   Level  Hunger
a - Pain                  Necr           ###.         1%          1    N/A

Your spell library contained the following spells:

 Spells                   Type           Power        Failure   Level  Hunger
 Animate Skeleton         Necr           N/A          1%          1    N/A
 Vampiric Draining        Necr           ###.......   6%          3    N/A
 Animate Dead             Necr           N/A          21%         4    N/A
 Agony                    Necr           ###.....     50%         5    N/A

Dungeon Overview and Level Annotations

Branches:
Dungeon (2/15)

Altars:


Innate Abilities, Weirdness & Mutations

You do not eat.
Your natural rate of healing is unusually fast.
You have razor-sharp teeth.
You have supernaturally acute eyesight. (SInv)
You can survive without breathing.


Message History

The gnoll writhes in agony.
The gnoll barely misses you.
You hit the gnoll but do no damage.
The gnoll is severely wounded.
The gnoll hits you with a +0 whip.
Casting: Pain (safe; 1% risk of failure)
Confirm with . or Enter, or press ? or * to list all spells.
Aiming: Pain (safe; 1% risk of failure)
Press: ? - help, Shift-Dir - straight line, f - gnoll, p - gnoll
Aim: a gnoll, wielding a +0 whip (severely wounded, chance to defeat MR: 85%)
The gnoll writhes in agony.
You kill the gnoll!
Your Spellcasting skill increases to level 3!
The gnoll hits you from afar with a +0 spear of venom!
You are poisoned.
You feel sick.
You feel sick.
You feel sick.
You feel sick.
The gnoll hits you from afar with a +0 spear of venom!
You die...

*,,...,,,* *,*
***#.#**** *,* #.#
**+** #.# **,,,** #.###
**,,.<,** #.#.##
**,...,,,**
#####....####.....,,,,*
#...........).....,,,>+
#.....@..####.....,,,,*
#.###.#..# **,.<>,,,**
#.###.##g# **,,.,,**
#.##..##.# **,^,**
#....)...# **'#*
#.....###########.#
####.##........##.####
#.##...,....##....#
#.##..#**#..#.....##


You could see a gnoll.

Vanquished Creatures
  2 gnolls (D:2)
  An adder (D:2)
  A dart slug (D:1)
  4 bats
  A giant cockroach (D:1)
  4 goblins
  5 hobgoblins
  2 jackals (D:1)
  4 kobolds
  A quokka (D:2)
  A ball python (D:1)
  2 frilled lizards (D:1)
  2 rats (D:1)
30 creatures vanquished.

Notes
Turn   | Place    | Note
-------+----------+-------------------------------------------
     0 | D:1      | Borneo the Vampire Necromancer began the quest for the Orb.
     0 | D:1      | Reached XP level 1. HP: 13/13 MP: 3/3
   290 | D:1      | Reached XP level 2. HP: 19/19 MP: 3/5
  1175 | D:1      | Learned a level 1 spell: Animate Skeleton
  1209 | D:2      | Reached skill level 5 in Necromancy
  1327 | D:2      | Reached XP level 3. HP: 23/24 MP: 2/6
  1799 | D:2      | Slain by a gnoll

Illustrated notes

Levels and vault maps discovered:
D:1:      saegor_arrival_simple_c, layout_loops_cross
D:2:      layout_loops_corners, minivault_5

Skill      XL: |  1  2  3 |
---------------+----------+-----
Necromancy     | 5 |  5.2
Spellcasting   | 3 |  3.1
Dodging        | |  2.3
Stealth        | |  3.1

Action                   || total
-------------------------++-------
Melee: Unarmed           ||    22
 Cast: Pain              ||    68
  Use: Scroll            ||     7
Armor: Robe              ||     7
Dodge: Dodged            ||    29
